 Dungeon Crawl Stone Soup version 0.20-a0-1124-g2e29d97 (webtiles) character file.

3288 Ijustatesigmund the Conjurer (level 9, 0/68 HPs)
             Began as a Pale Draconian Conjurer on May 15, 2017.
             Was a Believer of Cheibriados.
             Succumbed to a water moccasin's poison
             ... on level 8 of the Dungeon on May 16, 2017.
             The game lasted 00:37:50 (8862 turns).

Ijustatesigmund the Conjurer (DrCj)                 Turns: 8862, Time: 00:37:50

Health: 0/68       AC:  8    Str: 15    XL:     9   Next: 69%
Magic:  28/28      EV: 17    Int: 23    God:    Cheibriados [**....]
Gold:   353        SH: 11    Dex: 23    Spells: 11/21 levels left

rFire    . . .     SeeInvis +   z - +1 flail (protect)
rCold    . . .     Gourm    .   d - +1 shield {reflect}
rNeg     . . .     Faith    .   (armour unavailable)
rPois    .         Spirit   .   (helmet restricted)
rElec    .         Reflect  +   (no cloak)
rCorr    .         Harm     .   (no gloves)
MR       .....                  k - +0 pair of boots
Stlth    +++.......             s - amulet of magic regeneration
Regen    0.3/turn               x - ring of see invisible
MPRegen  0.4/turn               m - ring of magical power

@: agile, lethally poisoned (0 -> -23), very slow
A: breathe steam, unfitting armour, cold-blooded, AC +7
a: Breathe Steam, Bend Time, Renounce Religion


You were on level 8 of the Dungeon.
You worshipped Cheibriados.
Cheibriados was pleased with you.
You were hungry.

You visited 1 branch of the dungeon, and saw 8 of its levels.

You collected 353 gold pieces.

Inventory:

Hand Weapons
 e - a +3 flail
 z - a +1 flail of protection (weapon)
Missiles
 q - 7 tomahawks of returning (quivered)
Armour
 d - a +1 shield of reflection (worn)
 k - a +0 pair of boots (worn)
Jewellery
 h - an uncursed ring of flight
 m - a ring of magical power (right hand)
 s - an amulet of magic regeneration (around neck)
 x - a ring of see invisible (left hand)
Wands
 g - a wand of iceblast (13/15)
 n - a wand of lightning (10/15)
 t - a wand of paralysis (13/24)
Scrolls
 j - a scroll of fog
 r - a scroll of recharging
 u - a scroll of remove curse
 v - 2 scrolls of random uselessness
 y - 2 scrolls of identify
Potions
 i - a potion of flight
 o - 2 potions of brilliance
Books
 a - a book of Conjurations

   Spells                             Type                      Level
   a - Magic Dart                     Conjuration                  1
   b - Searing Ray                    Conjuration                  2
   c - Dazzling Spray                 Conjuration/Hexes            3
   d - Fulminant Prism                Conjuration/Hexes            4
   e - Force Lance                    Conjuration/Translocation    4
   f - Iskenderun's Mystic Blast      Conjuration                  4
 f - a book of Maledictions

   Spells                             Type                      Level
   a - Corona                         Hexes                        1
   b - Ensorcelled Hibernation        Hexes/Ice                    2
   c - Confuse                        Hexes                        3
   d - Tukima's Dance                 Hexes                        3
   e - Dazzling Spray                 Conjuration/Hexes            3
Comestibles
 b - 10 bread rations
 c - 11 fruits
 p - 2 meat rations


   Skills:
 - Level 2.3 Fighting
 - Level 2.6 Maces & Flails
 - Level 2.8 Dodging
 - Level 1.7 Stealth
 + Level 5.1 Shields
 - Level 6.9 Spellcasting
 + Level 7.0 Conjurations
 - Level 3.0 Hexes
 - Level 3.9 Invocations
 - Level 5.3 Evocations


You had 11 spell levels left.
You knew the following spells:

 Your Spells              Type           Power        Failure   Level  Hunger
a - Magic Dart            Conj           ####         1%          1    None
b - Searing Ray           Conj           #####.       2%          2    None
c - Dazzling Spray        Conj/Hex       ####..       11%         3    None
d - Iskenderun's Mystic   Conj           #####...     14%         4    ###....


Dungeon Overview and Level Annotations

Branches:
Dungeon (8/15)             Temple (0/1) D:6
   Lair: D:8-11

Altars:
Ashenzari
Cheibriados
Fedhas
Makhleb
Nemelex Xobeh
Qazlal
Ru
Xom
Yredelemnul
Zin
The Shining One

Annotations:
D:7 Shinoi's ghost, novice GrFE


Innate Abilities, Weirdness & Mutations

You can breathe blasts of scalding, opaque steam.
Your pale cyan-grey scales are hard. (AC +7)
You cannot fit into any form of body armour.
You are cold-blooded and may be slowed by cold attacks.


Message History

You block the iguana's attack.
The iguana is engulfed in a cloud of scalding steam.
The iguana closely misses you.
You closely miss the iguana.
The iguana is almost dead.
* * * LOW HITPOINT WARNING * * *
You feel very sick.
The iguana is engulfed in a cloud of scalding steam.
You kill the iguana!
Cheibriados thoroughly appreciates the change of pace.
* * * LOW HITPOINT WARNING * * *
You feel very sick.
You see here an iguana corpse.
* * * LOW HITPOINT WARNING * * *
You feel sick.
Okay, then.
You have got your breath back.
* * * LOW HITPOINT WARNING * * *
You feel sick.
You die...

#.# #............### #.#
#............# #.#
########.....# #.#
##############.....#####
.......<..........#....
#................#....
#................#....
#................#....
#....@...........#....
#....†.......#####....
#...†........# #....
#............# #....
#............# #....
#............# #....
#............# #####
##############


There were no monsters in sight!

Vanquished Creatures
  Prince Ribbit (D:6)
  A hippogriff (D:8)
  Menkaure (D:6)
  2 water moccasins (D:8)
  4 orc warriors
  2 phantoms
  2 ogres
  2 centaurs (D:6)
  2 bullfrogs
  A water moccasin zombie (D:7)
  4 wights (D:8)
  A centaur zombie (D:7)
  3 crimson imps
  A jelly (D:5)
  6 hounds
  2 orc priests
  An iron imp (D:6)
  10 orc wizards
  Terence (D:3)
  3 iguanas
  Natasha (thrice) (D:4)
  5 worker ants
  3 hound skeletons
  A howler monkey zombie (D:5)
  A worker ant zombie (D:5)
  4 gnolls
  7 adders
  A howler monkey skeleton (D:4)
  3 oozes
  An adder skeleton (D:4)
  2 worms (D:2)
  2 dart slugs (D:1)
  7 leopard geckos
  38 orcs
  7 bats
  2 giant cockroaches
  10 goblins
  8 hobgoblins
  8 kobolds
  4 quokkas
  A ball python (D:3)
  6 frilled lizards
  7 rats
181 creatures vanquished.

Notes
Turn   | Place    | Note
-------+----------+-------------------------------------------
     0 | D:1      | Ijustatesigmund the Draconian Conjurer began the quest for the Orb.
     0 | D:1      | Reached XP level 1. HP: 14/14 MP: 3/3
   177 | D:1      | Reached skill level 1 in Fighting
   267 | D:1      | Reached XP level 2. HP: 23/23 MP: 0/5
   271 | D:1      | Learned a level 2 spell: Searing Ray
   598 | D:1      | Reached XP level 3. HP: 29/29 MP: 0/7
   650 | D:1      | Learned a level 3 spell: Dazzling Spray
  1478 | D:2      | Reached XP level 4. HP: 37/37 MP: 3/8
  1542 | D:2      | Reached skill level 1 in Hexes
  1922 | D:3      | Noticed Terence
  1934 | D:3      | Killed Terence
  2385 | D:3      | Reached XP level 5. HP: 42/42 MP: 5/9
  2392 | D:3      | Learned a level 4 spell: Iskenderun's Mystic Blast
  2559 | D:4      | Found a stormy altar of Qazlal.
  3034 | D:4      | Noticed Natasha
  3038 | D:4      | Killed Natasha
  3038 | D:4      | Reached skill level 5 in Conjurations
  3154 | D:4      | Reached XP level 6. HP: 48/49 MP: 6/11
  3675 | D:4      | Found a burning altar of Makhleb.
  3761 | D:4      | Noticed Natasha
  3765 | D:4      | Killed Natasha
  4224 | D:4      | Noticed Natasha
  4228 | D:4      | Killed Natasha
  4238 | D:5      | Entered Level 5 of the Dungeon
  4484 | D:5      | Found a glowing golden altar of the Shining One.
  4499 | D:5      | Found a blossoming altar of Fedhas.
  4559 | D:5      | Your scales start taking on a pale cyan-grey colour.
  4559 | D:5      | Reached XP level 7. HP: 53/56 MP: 13/13
  4766 | D:5      | Noticed an angel
  4767 | D:5      | Found a shimmering altar of Xom.
  4769 | D:5      | Found a glowing silver altar of Zin.
  4809 | D:5      | Reached skill level 1 in Evocations
  4902 | D:5      | Reached skill level 5 in Spellcasting
  5050 | D:5      | Found a sparkling altar of Nemelex Xobeh.
  5349 | D:6      | Found a snail-covered altar of Cheibriados.
  5366 | D:6      | Noticed Menkaure
  5378 | D:6      | Killed Menkaure
  5378 | D:6      | Reached XP level 8. HP: 51/62 MP: 16/16
  5432 | D:6      | Became a worshipper of Cheibriados the Contemplative
  5455 | D:6      | Found a basalt altar of Yredelemnul.
  5674 | D:6      | Noticed Prince Ribbit
  5683 | D:6      | Killed Prince Ribbit
  5683 | D:6      | Reached skill level 1 in Invocations
  5777 | D:6      | Found a blossoming altar of Fedhas.
  5927 | D:6      | Found a staircase to the Ecumenical Temple.
  5954 | D:6      | Found a sacrificial altar of Ru.
  6050 | D:6      | Reached skill level 5 in Evocations
  6586 | D:7      | Noticed Shinoi's ghost (novice GrFE)
  6944 | D:6      | Reached * piety under Cheibriados
  6991 | D:7      | Reached skill level 1 in Maces & Flails
  7228 | D:7      | Reached skill level 1 in Shields
  7266 | D:7      | Reached XP level 9. HP: 68/68 MP: 19/19
  7916 | D:8      | Reached ** piety under Cheibriados
  8232 | D:8      | Found a shattered altar of Ashenzari.
  8287 | D:8      | Reached skill level 6 in Conjurations
  8325 | D:8      | Found a sparkling altar of Nemelex Xobeh.
  8857 | D:8      | Reached skill level 5 in Shields
  8857 | D:8      | Reached skill level 7 in Conjurations
  8861 | D:8      | HP: 2/68 [poisoned by a water moccasin]
  8862 | D:8      | Succumbed to a water moccasin's poison

Vault maps used:
D:1:      lightli_arrival_isolated_outpost, minmay_hexomino_u4
D:2:      minmay_misc_feat_pillars
D:3:      eino_tiny_chamber, uniq_terence
D:4:      cheibrodos_quashed, lightli_temple_of_fire, lemuel_doored_altar,
          serial_forest, infiniplex_forest_lined_room_2,
          infiniplex_forest_lined_room_2, infiniplex_forest_lined_2,
          infiniplex_forest_end_1, infiniplex_forest_join,
          infiniplex_forest_lined_3, infiniplex_forest_clump_diagonal,
          uniq_natasha
D:5:      grunt_temple_overflow_order_and_chaos_1, nicolae_tso_carved_into_rock,
          overflow_temple_1_default, first_bread, minmay_misc_feat_rows,
          kennysheep_doodads, nemelex_dance_club_becter
D:6:      old_standard_altar, kennysheep_mini, slow_altar_1,
          minmay_temple_entry_grid, fedhas_bush_and_centaur_altar,
          uniq_menkaure, uniq_prince_ribbit1
D:7:      corexii_checkpoint_a
D:8:      evilmike_ruin_ashenzari, lemuel_crystal_altar

Skill      XL: |  1  2  3  4  5  6  7  8  9 |
---------------+----------------------------+-----
Fighting       | 1 2 |  2.3
Hexes          | 1 2 3 |  3.0
Spellcasting   | 3 4 5 6 |  6.9
Conjurations   | 5 7 |  7.0
Dodging        | 2 |  2.8
Evocations     | 3 5 |  5.3
Invocations    | 3 |  3.9
Maces & Flails | 1 2 |  2.6
Shields        | 1 5 |  5.1
Stealth        | |  1.7

Action                   |  1- 3 |  4- 6 |  7- 9 || total
-------------------------+-------+-------+-------++-------
Melee: Unarmed           |     1 |       |       ||     1
       Short sword       |    30 |    21 |       ||    51
       Tailslap          |     4 |     1 |    14 ||    19
       Spear             |       |    17 |       ||    17
       Halberd           |       |       |    49 ||    49
       Flail             |       |       |    82 ||    82
Throw: Tomahawk          |       |     9 |     1 ||    10
 Cast: Magic Dart        |    66 |    88 |   186 ||   340
       Searing Ray       |     2 |    18 |    16 ||    36
       Iskenderun's Myst |       |       |    14 ||    14
       Dazzling Spray    |       |       |     7 ||     7
 Abil: Breathe Steam     |       |       |    18 ||    18
Evoke: Wand              |       |       |     1 ||     1
  Use: Scroll            |    10 |     7 |    10 ||    27
       Potion            |       |     2 |     2 ||     4
 Stab: Sleeping          |       |     2 |     2 ||     4
  Eat: Chunk             |     2 |    11 |     7 ||    20
       Fruit             |       |       |     3 ||     3
       Royal jelly       |       |       |     2 ||     2
Armor: Skin              |    20 |    22 |    73 ||   115
Dodge: Dodged            |    31 |    43 |   130 ||   204
Block: Shield            |       |       |    55 ||    55
